 Dungeon Crawl Stone Soup version 0.29.1-12-g30fa7ad0bf (webtiles) character file.

Game seed: 6922314095881382549

2716 MisterFreud the Transmogrifier (level 9, -5/85 HPs)
             Began as a Green Draconian Transmuter on Dec 28, 2022.
             Was a Believer of Ru.
             Killed by divine providence
             ... invoked by an orc priest
              (16 damage)
             ... on level 8 of the Dungeon.
             The game lasted 00:10:24 (11334 turns).

MisterFreud the Transmogrifier (DrTm)              Turns: 11334, Time: 00:10:25

Health: -5/85      AC:  7    Str: 13    XL:     9   Next: 39%
Magic:  10/12      EV: 11    Int: 16    God:    Ru [**....]
Gold:   483        SH:  0    Dex: 13    Spells: 3/12 levels left

rFire   x x .      SeeInvis .     - Unarmed
rCold   + + .      Faith    .   (shield currently unavailable)
rNeg    . . .      Spirit   .   (body armour unavailable)
rPois   +          Reflect  .   (helmet currently unavailable)
rElec   .          Harm     .   (cloak currently unavailable)
rCorr   .          Rampage  .   (gloves currently unavailable)
Will    .....                   (boots currently unavailable)
Stlth   +.........              (no amulet)
HPRegen 0.24/turn               (no ring)
MPRegen 0.13/turn               (no ring)

@: ice-form
A: freezing attack, amphibious, boosted hp, (breathe noxious fumes), AC +7,
large, unfitting armour, (poison resistance), (cold-blooded), temperature
sensitive
a: End Transformation, Renounce Religion, Sacrifice Skill, Sacrifice Words,
Sacrifice Love, Reject Sacrifices


You were on level 8 of the Dungeon.
You worshipped Ru.
Ru was pleased with you.
You were a creature of crystalline ice.
You visited 1 branch of the dungeon, and saw 8 of its levels.
You also visited: Ossuary and Bailey.

You collected 483 gold pieces.

Inventory:

Missiles
 j - 4 throwing nets
 n - 8 poisoned darts
 o - 5 boomerangs
 r - 5 atropa-tipped darts
Armour
 x - a +0 cloak (melded)
Jewellery
 i - a ring of willpower
 q - a ring of protection from cold
Scrolls
 b - 2 scrolls of magic mapping
 d - 3 scrolls of amnesia
 l - a scroll of blinking
 p - a scroll of poison
 v - 2 scrolls of teleportation
 w - a scroll of fear
 y - a scroll of silence
Potions
 a - 6 potions of lignification
 c - 2 potions of cancellation
 e - 6 potions of haste
 f - 3 potions of brilliance
 g - a potion of invisibility
 h - 4 potions of heal wounds
 k - 3 potions of curing
 m - 2 potions of attraction
 s - a potion of might
 u - 3 potions of degeneration {unknown}


   Skills:
 - Level 4.0 Fighting
 + Level 4.7 Dodging
 + Level 7.7 Unarmed Combat
 - Level 2.0 Spellcasting
 - Level 8.0 Transmutations
 - Level 4.0 Ice Magic
 - Level 1.2 Poison Magic


You had 3 spell levels left.
You knew the following spells:

 Your Spells              Type           Power      Damage    Failure   Level
a - Ice Form              Ice/Tmut       20%        N/A       17%         4
b - Wereblood             Tmut           27%        N/A       1%          2
c - Spider Form           Tmut/Pois      16%        N/A       10%         3

Your spell library contained the following spells:

 Spells                   Type           Power      Damage    Failure   Level
 Beastly Appendage        Tmut           54%        N/A       1%          1
 Ignite Poison            Fire/Tmut/Pois 11%        N/A       19%         3
 Foxfire                  Conj/Fire      4%         2x1d4     21%         1
 Blink                    Tloc           2%         N/A       30%         2
 Scorch                   Fire           2%         2d5       30%         2
 Sublimation of Blood     Necr           1%         N/A       30%         2
 Conjure Flame            Conj/Fire      1%         6-21      52%         3
 Gell's Gravitas          Tloc           1%         N/A       52%         3
 Inner Flame              Hex/Fire       1%         N/A       52%         3
 Lesser Beckoning         Tloc           1%         N/A       52%         3
 Teleport Other           Tloc           1%         N/A       52%         3
 Flame Wave               Conj/Fire      1%         2d4       90%         4
 Sticky Flame             Conj/Fire      1%         2d3       90%         4
 Manifold Assault         Tloc           1%         N/A       99%         5
 Dispersal                Tloc           0%         N/A       100%        6
 Storm Form               Tmut/Air       7%         N/A       100%        7
 Summon Hydra             Summ           0%         N/A       100%        7


Dungeon Overview and Level Annotations

Branches:
Dungeon (8/15)             Temple (0/1) D:6         Ossuary (visited)
 Bailey (visited)
   Lair: D:8-11

Altars:
Ashenzari
Cheibriados
Nemelex Xobeh
Qazlal
Ru
Yredelemnul

Shops:
D:7 *


Innate Abilities, Weirdness & Mutations

You are a creature of crystalline ice.
You have a powerful freezing melee attack.
You are amphibious.
Your maximum health is increased.
Your armour is entirely melded.
You are incapable of wielding weapons or throwing items.
((You can breathe blasts of noxious fumes.))
((Your lurid green scales are hard. (AC +7)))
You cannot fit into any form of body armour.
((Your system is resistant to poisons. (rPois)))
((You are cold-blooded and may be slowed by cold attacks.))
You are sensitive to extremes of temperature. (rF-, rC-)


Message History

You punch the orc priest! You freeze the orc priest.
You kill the orc priest!
You hear a splash.
You hear some strange, mumbled words.
You are confused.
The orc barely misses you.
The orc priest calls down the wrath of Beogh upon you.
You struggle to resist.
The acid dragon attacks as you move away!
The acid dragon misses you. The acid dragon barely misses you.
A magic dart appears from out of thin air!
The magic dart hits you.
The orc priest calls down the wrath of Beogh upon you.
Beogh smites you! The orc hits you but does no damage.
You redirect the orc's attack!
The orc barely misses the acid dragon.
The orc priest looks braver for a moment.
The acid dragon bites you! The acid dragon claws you.
The orc attacks as you move away! The orc hits you with a +0 club.
The acid dragon spits acid at you. The splash of acid hits you!!
* * * LOW HITPOINT WARNING * * *
Unknown command.
Something hits you.
* * * LOW HITPOINT WARNING * * *
You feel less confused.
The orc priest looks encouraged for a moment.
The orc hits you but does no damage. The orc attacks as you move away!
The orc barely misses you.
The orc priest attacks as you move away!
The orc priest hits you but does no damage.
The orc priest begins to pray, but is stunned by your conviction!
You barely miss the orc priest. The orc priest hits you with a +0 whip.
* * * LOW HITPOINT WARNING * * *
You focus your inner power and illuminate the orc priest in retribution!
The orc priest begins to pray, but is stunned by your conviction!
You punch the orc priest! You freeze the orc priest.
The orc priest is almost dead.
The orc priest mumbles some strange prayers to Beogh against you.
Beogh smites you!
You die...

#......##.. .....
#######......##.# #..
.............##.# #..
.............##.# #..
#.######......##.# #..
#.............##.######+
........................
..#####.#........###....
. #Y############....
...#####o# #..........
##....o.######..........
.......oDo....+..~.......
###.##..o..####...~......
# #.....# #...~......
#.~)..# #..........
#.....# #..........
#.....# ###..#####.


You could see an orc warrior, an acid dragon, 3 orc priests and an orc.

Vanquished Creatures
  2 steam dragons (D:7)
  A black bear (D:7)
  An ice beast (D:7)
  2 sky beasts (D:7)
  An ogre (D:4)
  A centaur (D:5)
  A kobold brigand (D:7)
  2 phantoms
  A bullfrog (D:7)
  A necrophage (D:5)
  2 gnoll sergeants
  2 scorpions
  2 water moccasin zombies (Ossuary)
  5 wights
  A centaur zombie (Ossuary)
  Crazy Yiuf (D:5)
  3 bullfrog zombies (Ossuary)
  3 orc priests
  3 hounds
  2 jellies
  Jessica (D:2)
  5 iguanas
  2 orc wizards
  A scorpion zombie (Ossuary)
  A mummy (D:7)
  9 adders
  14 gnolls
  An ufetubus (D:7)
  6 adder zombies (Ossuary)
  4 worms
  A dart slug (D:2)
  13 orcs
  A ball python (D:1)
  2 bats (D:2)
  3 endoplasms
  A gnoll zombie (Ossuary)
  10 goblins
  10 hobgoblins
  3 jackals
  7 kobolds
  6 quokkas
  3 frilled lizards
  3 goblin zombies (Ossuary)
  3 hobgoblin zombies (Ossuary)
  3 orc zombies (Ossuary)
  3 rats
153 creatures vanquished.

Notes
Turn   | Place    | Note
-------+----------+-------------------------------------------
     0 | D:1      | MisterFreud the Draconian Transmuter began the quest for
                  | the Orb.
     0 | D:1      | Reached XP level 1. HP: 16/16 MP: 3/3
   359 | D:1      | Reached XP level 2. HP: 18/23 MP: 3/5
   638 | D:1      | Reached skill level 3 in Transmutations
   772 | D:1      | Found a faded altar of an unknown god.
  1311 | D:2      | Reached XP level 3. HP: 15/28 MP: 6/6
  1314 | D:2      | Learned a level 2 spell: Wereblood
  1318 | D:2      | Learned a level 3 spell: Spider Form
  1796 | D:2      | Reached skill level 4 in Transmutations
  1796 | D:2      | Reached XP level 4. HP: 9/35 MP: 3/7
  2114 | D:2      | Noticed Jessica
  2138 | D:2      | Killed Jessica
  2909 | D:3      | Reached skill level 5 in Transmutations
  3043 | D:3      | Found a broken altar of Ashenzari.
  3051 | D:3      | Found a basalt altar of Yredelemnul.
  3079 | D:3      | Found a sacrificial altar of Ru.
  3083 | D:3      | Reached XP level 5. HP: 40/40 MP: 8/8
  3085 | D:3      | Became a worshipper of Ru the Awakened
  3573 | D:3      | Reached skill level 1 in Poison Magic
  4298 | D:4      | Noticed an ogre
  4308 | D:4      | Killed an ogre
  4352 | D:4      | Reached XP level 6. HP: 39/51 MP: 6/9
  4870 | D:4      | Gained mutation: You are sensitive to extremes of
                  | temperature. (rF-, rC-) [Ru sacrifice]
  4870 | D:4      | Reached * piety under Ru
  4870 | D:4      | Reached ** piety under Ru
  5000 | D:4      | Found a sparkling altar of Nemelex Xobeh.
  5157 | D:5      | Entered Level 5 of the Dungeon
  5428 | D:5      | Reached skill level 5 in Unarmed Combat
  5606 | D:5      | Your scales start taking on a lurid green colour.
  5606 | D:5      | Reached XP level 7. HP: 58/59 MP: 6/10
  5606 | D:5      | Gained mutation: Your system is resistant to poisons.
                  | (rPois) [Green Draconian growth]
  5902 | D:5      | Found a sand-covered staircase.
  5908 | Ossuary  | Entered an ossuary
  5992 | Ossuary  | Learned a level 4 spell: Ice Form
  6043 | Ossuary  | Reached skill level 1 in Ice Magic
  6513 | Ossuary  | Reached skill level 6 in Transmutations
  6513 | Ossuary  | Reached XP level 8. HP: 15/65 MP: 0/11
  6767 | Ossuary  | Noticed a silent spectre
  7112 | D:5      | Found a runed translucent door.
  7113 | D:5      | Noticed Crazy Yiuf
  7424 | D:5      | Killed Crazy Yiuf
  8094 | D:6      | Reached skill level 7 in Transmutations
  8476 | D:6      | Found a staircase to the Ecumenical Temple.
  8922 | D:7      | Found a stormy altar of Qazlal.
  8979 | D:7      | Reached skill level 8 in Transmutations
  9011 | D:7      | Found a flagged portal.
  9017 | Bailey   | Entered a bailey
  9629 | D:7      | Found Syteneklux's Fire Supplies.
  9658 | D:7      | Reached XP level 9. HP: 49/71 MP: 8/12
 10271 | D:7      | Found a snail-covered altar of Cheibriados.
 10328 | D:7      | Got the Anthology of the Translocated Coals
 11334 | D:8      | Killed from afar by an orc priest

Illustrated notes

Levels and vault maps discovered:
D:1:      minmay_arrival_cross, layout_loops_corners, basic_ecumenical_altar,
          roderic_lattice_a
D:2:      layout_basic, uniq_jessica
D:3:      minmay_evil_eye, layout_basic, mainiacjoe_overflow_24_doors,
          nicolae_overflow_squiral
D:4:      layout_basic, nemelex_altar_shiori
D:5:      layout_basic, enter_ossuary_5, uniq_crazy_yiuf_cottage
D:6:      layout_basic, minmay_temple_entry_trees
D:7:      layout_loops_cross, chei_slow_surprise, grunt_qazlal_sundering,
          enter_bailey_3, grunt_ministairs_8, nicolae_shop_fire_sale
          [nicolae_sub_dead_trees]
D:8:      layout_basic, dpeg_lair_monsters

Skill      XL: |  1  2  3  4  5  6  7  8  9 |
---------------+----------------------------+-----
Transmutations | 3 4 5 6 8 |  8.0
Poison Magic   | 1 |  1.2
Fighting       | 3 4 |  4.0
Unarmed Combat | 4 5 6 7 |  7.7
Ice Magic      | 2 4 |  4.0
Dodging        | 3 4 |  4.7
Spellcasting   | |  2.0

Action                   |  1- 3 |  4- 6 |  7- 9 || total
-------------------------+-------+-------+-------++-------
Melee: Unarmed           |    85 |   154 |   391 ||   630
       Kick              |    10 |     2 |       ||    12
       Headbutt          |     5 |       |       ||     5
       Tailslap          |     8 |    11 |    41 ||    60
       Punch             |     1 |     2 |    12 ||    15
 Cast: Beastly Appendage |    18 |     2 |       ||    20
       Spider Form       |     1 |    13 |     1 ||    15
       Ice Form          |       |       |    17 ||    17
Invok: Sacrifice Resista |       |     1 |       ||     1
 Abil: Breathe Noxious F |       |       |     5 ||     5
       End Transformatio |       |       |     1 ||     1
  Use: Scroll            |     2 |     6 |    11 ||    19
       Potion            |       |       |     1 ||     1
 Stab: Sleeping          |       |     1 |       ||     1
       Invisible         |       |     1 |     1 ||     2
       Confused          |       |       |     2 ||     2
Armor: Skin              |    24 |    23 |   152 ||   199
Dodge: Dodged            |    66 |    95 |   266 ||   427
